Map: Prion Terraces

Players

Apogee

  • Race: Terran Terran
  • League: Diamond

LilDicky - Winner!

  • Race: Terran Terran
  • League: Diamond

VOD

http://www.twitch.tv/tumescentpie

Description

Time

  • Played on: Dec. 2, 2015, 9:45 p.m.
  • Length: 24:12
Show
View Real Time Build Order
Export as new Build Order

Apogee Terran 

Build Orders: Hellion Banshee, Mech 

Get SALT Encoding   

  12  0:01  SCV  
  13  0:13  SCV  
  14  0:18  Supply Depot  
  14  0:25  SCV  
  15  0:40  Barracks  
  15  0:43  Refinery  
  15  0:44  SCV  
  16  0:56  SCV  
  17  1:09  SCV  
  18  1:29  Command Center  
  18  1:35  Orbital Command  
  18  1:43  Marine  
  19  1:49  Refinery  
  19  1:57  Factory  
  19  2:04  Barracks Reactor  
  19  2:08  SCV  
  20  2:15  Supply Depot  
  20  2:22  SCV  
  21  2:34  SCV  
  22  2:43  Hellion, Marine x2  
  24  3:00  SCV  
  24  3:01  Orbital Command  
  25  3:23  SCV  
  26  3:29  Starport  
  26  3:31  SCV  
  26  3:32  Barracks Tech Lab, Hellion  
  26  3:33  Hellion  
  31  3:35  SCV  
  32  3:43  SCV  
  32  3:47  SCV  
  34  3:55  SCV  
  35  3:59  Hellion x2  
  35  4:02  Supply Depot  
  39  4:04  SCV  
  39  4:07  SCV  
  39  4:09  Supply Depot  
  41  4:23  Hellion x2  
  45  4:24  Banshee, Cloaking Field  
  45  4:26  Barracks Tech Lab  
  48  4:34  SCV  
  48  4:35  SCV  
  50  4:44  Hellion  
  50  4:55  Hellion  
  48  5:02  Engineering Bay  
  48  5:04  Marine  
  48  5:06  Hellion  
  49  5:12  Viking  
  49  5:17  Hellion  
  49  5:18  SCV x2  
  51  5:27  Hellion  
  53  5:29  Bunker  
  53  5:30  SCV  
  53  5:31  SCV  
  49  5:53  Raven  
  49  5:55  SCV x2, Hellion x2  
  59  6:01  Armory  
  59  6:08  Factory  
  57  6:11  SCV x2  
  57  6:14  Barracks Tech Lab  
  57  6:45  Factory  
  57  6:49  Armory  
  57  6:53  Viking x2  
  61  6:56  Command Center  
  61  6:58  Supply Depot  
  61  6:59  Supply Depot  
  61  7:02  Siege Tank x2  
  61  7:06  SCV x2, Refinery  
  61  7:08  Refinery  
  69  7:23  Terran Vehicle Weapons Level 1  
  69  7:24  SCV x2  
  71  7:36  SCV x2  
  73  7:41  Hellion x2  
  77  7:47  Hellion  
  77  7:48  SCV x2, Infernal Pre-Igniter  
  83  7:53  Siege Tank  
  83  7:56  Supply Depot  
  83  7:57  Supply Depot  
  84  7:58  Supply Depot  
  84  8:00  SCV x2, Missile Turret  
  84  8:01  Supply Depot  
  84  8:02  Terran Vehicle And Ship Armor Level 1  
  86  8:07  Starport Reactor  
  86  8:08  Orbital Command  
  86  8:12  SCV  
  87  8:15  Hellion x2  
  87  8:18  Siege Tank  
  94  8:25  Hellion  
  96  8:33  Orbital Command  
  96  8:36  Hellion x2  
  96  8:37  Liberator x2  
  96  8:58  Siege Tank  
  96  9:00  SCV  
  100  9:06  SCV x2  
  102  9:13  SCV  
  103  9:18  SCV  
  104  9:26  Liberator  
  104  9:29  SCV x2  
  104  9:30  SCV  
  107  9:32  Refinery  
  107  9:33  Refinery  
  107  9:39  Siege Tank x2  
  107  9:40  Hellion  
  107  9:41  Hellion  
  118  9:51  Command Center  
  118  9:53  Hellion  
  118  9:54  Hellion  
  118  10:02  Command Center  
  118  10:11  Siege Tank x2  
  124  10:24  Hellion x2  
  124  10:27  Terran Vehicle Weapons Level 2  
  128  10:34  Supply Depot  
  128  10:35  Supply Depot x2  
  128  10:36  Supply Depot  
  128  10:37  Supply Depot  
  128  10:40  Factory  
  128  10:43  Siege Tank  
  128  10:44  Barracks Reactor, Factory  
  128  10:46  Hellion  
  133  10:55  Terran Vehicle And Ship Armor Level 2, Hellion, Siege Tank, SCV x3  
  141  10:59  Supply Depot  
  141  11:01  Supply Depot  
  141  11:05  Orbital Command  
  141  11:07  SCV x2  
  141  11:08  Hellion  
  141  11:10  SCV  
  146  11:15  Siege Tank  
  146  11:17  Hellion  
  151  11:19  SCV x2, Sensor Tower  
  153  11:26  Missile Turret  
  153  11:27  Siege Tank, Missile Turret  
  153  11:28  Missile Turret  
  153  11:29  Hellion  
  153  11:30  Planetary Fortress  
  158  11:36  Sensor Tower  
  158  11:38  Hellion  
  158  11:39  SCV x4  
  164  11:40  Refinery  
  164  11:41  Factory Reactor  
  164  11:42  Refinery  
  164  11:43  Factory Reactor  
  164  11:48  Missile Turret  
  164  11:49  Siege Tank  
  164  12:11  Liberator x2  
  164  12:25  Hellion x5  
  164  12:26  Hellion, Siege Tank x2  
  188  12:36  SCV x2  
  190  12:38  SCV x3  
  193  12:48  SCV x2  
  193  12:50  SCV  
  165  14:15  Command Center  
  165  14:16  Command Center, Liberator x2  
  155  14:18  Orbital Command  
  150  14:28  Hellion  
  150  14:29  Command Center, Hellion x5  
  150  14:30  Siege Tank x2  
  168  14:31  Terran Vehicle Weapons Level 3  
  168  14:32  Terran Vehicle And Ship Armor Level 3  
  143  14:59  Liberator x2  
  138  15:21  Hellion x5  
  152  15:22  Hellion, Siege Tank x2  
  162  15:42  Hellion x2  
  170  15:43  Hellion x4  
  170  15:45  Orbital Command x2  
  174  15:54  Hellion  
  173  16:09  Siege Tank  
  173  16:10  Hellion  
  173  16:11  Hellion x3  
  175  16:16  Siege Tank  
  159  16:41  Siege Tank  
  136  16:51  SCV x4  
  134  16:55  Hellion x6, Siege Tank  
  134  16:59  Planetary Fortress  
  149  17:03  SCV x3  
  149  17:04  SCV  
  153  17:13  Siege Tank  
  153  17:15  SCV x3  
  158  17:20  Orbital Command  
  156  17:33  Hellion x2  
  100  18:11  Hellion x4  
  100  18:12  Hellion  
  86  18:31  SCV x2  
  86  18:32  SCV  
  87  18:38  Liberator x2  
  88  18:43  SCV x2  
  88  18:44  SCV  
  88  18:48  SCV  
  91  18:55  SCV  
  91  18:56  SCV x2  
  91  18:58  Siege Tank x2  
  91  18:59  Hellion x4  
  91  19:00  SCV  
  115  19:06  Hellion x2  
  115  19:08  SCV x2  
  121  19:20  Hellion x3  
  86  19:54  Thor x2  
  86  19:55  Hellion x4  
  86  19:56  Hellion x2  
  110  20:17  Orbital Command  
  110  20:21  Refinery  
  110  20:22  Refinery  
  110  20:33  SCV x3  
  113  20:36  Refinery x2  
  113  20:42  Command Center  
  113  20:44  Hellion x5  
  117  21:04  SCV x3  
  102  21:16  SCV x3  
  102  21:32  Viking  
  104  21:55  Command Center  
  90  22:33  SCV x3  
  93  22:44  Planetary Fortress  
  93  22:45  SCV x3  
  96  22:57  SCV x3  
  99  23:03  Orbital Command  
  99  23:07  Orbital Command  
  99  23:09  SCV x3  
  99  23:11  Hellion x2  
  99  23:12  Hellion x4  
  114  23:13  Hellion x2  
  118  23:21  SCV  
Show
View Real Time Build Order
Export as new Build Order

LilDicky Terran - Winner!

Build Orders: Banshee Rush 

Get SALT Encoding   

  12  0:01  SCV  
  13  0:13  SCV  
  14  0:18  Supply Depot  
  14  0:25  SCV  
  14  0:27  Refinery  
  15  0:40  SCV  
  16  0:46  Barracks  
  16  0:52  SCV  
  17  1:04  SCV  
  18  1:16  SCV  
  19  1:29  SCV  
  20  1:35  Reaper  
  20  1:37  Supply Depot  
  21  1:42  Orbital Command  
  21  2:03  Factory  
  21  2:07  SCV, Marine  
  23  2:12  Refinery  
  23  2:20  SCV  
  24  2:30  Marine  
  25  2:54  SCV  
  25  2:56  Factory Tech Lab  
  25  2:58  Marine  
  26  3:01  Starport  
  27  3:06  SCV  
  28  3:16  Marine  
  29  3:24  SCV  
  29  3:32  Supply Depot  
  29  3:33  Command Center  
  29  3:34  Marine  
  30  3:43  Cloaking Field  
  30  3:46  Engineering Bay  
  30  3:48  SCV  
  31  3:53  Banshee, Factory Tech Lab  
  31  3:54  Barracks  
  31  3:55  Barracks  
  34  3:59  Barracks  
  34  4:01  SCV  
  34  4:02  Marine  
  36  4:14  SCV  
  36  4:16  Supply Depot  
  37  4:19  Missile Turret, Marine  
  37  4:23  Supply Depot  
  38  4:26  SCV  
  39  4:37  Siege Tank, Marine  
  39  4:38  SCV  
  39  4:48  Marine  
  39  4:49  Marine  
  39  4:55  Marine  
  39  4:56  Orbital Command  
  39  4:57  Banshee  
  43  5:06  Marine x2  
  43  5:09  Siege Tank  
  43  5:12  Orbital Command  
  43  5:13  Marine  
  48  5:24  Marine  
  49  5:30  SCV, Marine  
  49  5:31  Marine  
  51  5:37  Refinery  
  51  5:40  Refinery  
  51  5:42  Marine  
  46  5:56  Missile Turret  
  46  5:57  Marine x2  
  46  5:59  Missile Turret  
  48  6:04  SCV  
  48  6:09  Marine  
  50  6:27  Siege Tank  
  50  6:28  Marine  
  50  6:29  Marine x2  
  53  6:34  Missile Turret  
  53  6:36  SCV  
  53  6:37  SCV  
  55  6:43  Command Center  
  55  6:44  Raven  
  58  6:48  SCV  
  61  6:54  Barracks Tech Lab  
  58  7:02  SCV  
  58  7:03  Command Center, Barracks Reactor, Siege Tank  
  58  7:04  Barracks Tech Lab  
  62  7:13  SCV  
  62  7:14  SCV  
  64  7:17  Marine  
  64  7:19  Missile Turret  
  64  7:22  Combat Shields, Stimpack  
  65  7:23  Marine  
  65  7:25  SCV  
  65  7:26  SCV  
  68  7:32  Terran Infantry Weapons Level 1  
  68  7:35  Marine  
  69  7:37  SCV  
  69  7:40  Engineering Bay  
  70  7:47  Supply Depot  
  70  7:54  Raven, Marine x3  
  70  7:55  SCV x2, Siege Tank  
  70  7:56  Marine  
  70  7:57  Starport  
  82  8:04  Orbital Command  
  81  8:07  SCV x2  
  81  8:12  Marine  
  83  8:14  Corvid Reactor  
  83  8:16  Marine x3  
  83  8:19  SCV x2  
  89  8:30  Marine  
  89  8:31  SCV, Missile Turret  
  89  8:32  SCV x2  
  93  8:36  Starport Reactor  
  93  8:40  Raven, Missile Turret  
  95  8:41  Missile Turret  
  95  8:42  Siege Tank  
  95  8:43  SCV  
  95  8:44  SCV x2  
  100  8:55  SCV  
  100  8:58  SCV x2  
  100  9:00  Command Center  
  102  9:03  Planetary Fortress  
  102  9:07  SCV  
  103  9:10  SCV x2, Supply Depot  
  103  9:15  Siege Tank  
  103  9:16  Missile Turret  
  108  9:25  Supply Depot x2  
  108  9:32  SCV x2, Medivac, Marine x2  
  108  9:36  Marine x2  
  116  9:39  Supply Depot  
  116  9:44  Missile Turret  
  116  9:48  Terran Infantry Armor Level 1  
  116  9:49  Armory, Marine x2  
  116  9:50  Engineering Bay, Barracks  
  116  9:51  Barracks  
  118  9:53  Marine  
  116  10:00  Marine  
  116  10:05  Medivac x2  
  116  10:06  Raven  
  123  10:07  Marine x2  
  123  10:09  SCV x2  
  123  10:11  SCV x2  
  123  10:12  Marauder  
  131  10:15  Missile Turret  
  131  10:17  Refinery  
  131  10:18  Refinery, Marine  
  131  10:21  Orbital Command  
  132  10:25  Missile Turret, Marine x2  
  134  10:33  Marine  
  134  10:34  Supply Depot  
  135  10:35  Building Armor  
  135  10:36  Terran Infantry Weapons Level 2, Marine  
  135  10:40  Supply Depot  
  135  10:41  Terran Vehicle And Ship Armor Level 1  
  135  10:42  Marine x2  
  138  10:43  Marine x2  
  138  10:49  Viking x2  
  144  10:51  Marauder  
  144  10:52  SCV  
  144  10:53  Missile Turret, Marine  
  144  10:56  Barracks  
  148  11:00  Marine x2  
  148  11:04  Supply Depot x2, Marine x2  
  150  11:09  SCV, Medivac  
  155  11:12  Marauder x2  
  155  11:18  Marine x2  
  161  11:25  Supply Depot  
  161  11:27  Marine  
  161  11:28  Missile Turret, Marine  
  161  11:30  Siege Tank  
  161  11:31  Viking  
  161  11:32  Viking  
  170  11:33  Marine x2  
  170  11:36  Barracks, Marine x2  
  174  11:40  Barracks  
  174  11:45  Marine  
  175  11:51  Marauder  
  175  11:52  Marauder  
  174  12:01  Command Center  
  154  12:17  Marine  
  154  12:18  Marine x6  
  146  12:24  SCV, Medivac  
  146  12:25  Medivac x2  
  153  12:35  Marine  
  153  12:36  Marine x8  
  162  12:39  Terran Infantry Armor Level 2  
  162  12:45  Barracks x2  
  162  12:46  Barracks x2  
  162  12:47  Barracks  
  162  12:49  Barracks  
  162  12:51  Refinery  
  162  12:53  Marine x3  
  162  12:54  Marauder x2, Marine x4  
  162  12:56  Refinery  
  169  13:11  Marine x3  
  172  13:16  Marauder x2  
  174  13:20  Marine x4  
  178  13:29  Marine x3  
  178  13:32  Marine x2  
  178  13:33  Medivac x3  
  187  13:37  Marauder x2, Marine x2  
  187  13:38  Marine x5  
  198  13:46  Marine  
  198  13:47  Marine  
  200  13:50  Marine  
  192  13:58  Marauder x2  
  188  14:03  Medivac x3  
  171  14:20  Marine, Marauder x2  
  171  14:21  Marine x12  
  168  14:38  Marine  
  164  14:41  Marauder x2  
  164  14:43  Marine  
  164  14:44  Marine x11  
  131  14:54  Viking x3  
  131  14:56  Marine  
  126  15:01  Marine  
  126  15:02  Marauder x2, Marine x11  
  142  15:07  Planetary Fortress  
  142  15:12  Missile Turret  
  142  15:13  SCV, Marine  
  144  15:18  SCV  
  144  15:19  Marine  
  144  15:20  Marine x2  
  148  15:21  Marine x4  
  148  15:22  Marine x3  
  148  15:23  Barracks Tech Lab  
  148  15:24  Barracks Tech Lab, Marauder x2, Medivac x3  
  165  15:31  Marine  
  166  15:37  Marine  
  166  15:38  Marine  
  168  15:45  Marauder x2  
  168  15:48  Sensor Tower  
  172  15:54  Viking  
  172  15:55  Viking, Medivac  
  174  16:07  Marine x2, Marauder x2  
  174  16:08  Marine x8  
  174  16:09  Marauder  
  175  16:15  Marine  
  175  16:16  Marine  
  170  16:24  Medivac  
  170  16:25  Medivac  
  174  16:28  Marauder x2  
  174  16:30  Marauder  
  180  16:34  Marine, Marauder  
  180  16:35  Marine x10  
  156  16:49  Marine x2  
  156  16:51  Marine  
  156  16:52  Marine x3  
  156  16:53  Marine x6  
  155  16:59  Marine  
  155  17:00  Marine  
  159  17:01  Marauder  
  159  17:04  Orbital Command  
  159  17:07  Marauder, Marine  
  162  17:09  SCV, Marine  
  162  17:10  SCV, Marine x6  
  162  17:11  Marine x2  
  162  17:12  Marine  
  176  17:22  Marauder  
  176  17:26  Marine  
  177  17:31  Marine x2  
  177  17:32  Marauder x3  
  181  17:42  Marine x2  
  181  17:43  Viking x2  
  180  17:44  Marauder  
  177  17:53  Marauder x2  
  129  18:29  Marine  
  129  18:30  Marine x12  
  129  18:31  Marauder x2  
  140  18:47  Marine  
  140  18:48  Marine x3  
  144  18:49  Marauder x2  
  144  18:50  Marine  
  144  18:51  Marine  
  144  18:52  Marauder  
  144  18:53  Medivac, Marauder  
  156  18:56  Command Center  
  156  19:00  SCV x2  
  158  19:10  Marauder x2  
  158  19:13  Refinery, Marine x3  
  158  19:14  Refinery, Marauder x2  
  162  19:27  Marine  
  162  19:28  Marine  
  161  19:31  Marauder x2  
  161  19:35  Marauder x2  
  125  19:46  Marine x3  
  125  19:47  Marine x7  
  120  19:53  Marauder x2  
  120  19:54  Marine  
  120  19:57  Marauder x2  
  129  20:00  SCV  
  129  20:04  Marine x5  
  129  20:06  Marine  
  136  20:07  Medivac x3  
  136  20:08  Marine  
  136  20:13  Planetary Fortress  
  145  20:14  Marauder x2  
  145  20:18  Marauder x2  
  151  20:27  Marine  
  154  20:36  Marauder x2  
  154  20:37  Medivac  
  154  20:39  Marauder x2  
  162  20:46  Missile Turret  
  162  20:47  Missile Turret  
  144  21:00  Marine x3  
  144  21:01  Marine x12  
  137  21:18  Marine x8  
  138  21:19  Marauder x3, Marine  
  138  21:20  Marauder  
  153  21:31  Marine, Orbital Command  
  153  21:32  Marine  
  155  21:41  Marauder x3  
  142  22:11  Refinery x2  
  128  22:27  Marine x9  
  128  22:28  Marine x2  
  128  22:29  Marauder x2  
  133  22:34  Marine x2  
  133  22:45  Marine x9  
  133  22:50  Marauder  
  133  22:51  Marine x2  
  144  22:52  Marine  
  147  22:59  SCV, Marine x2  
  147  23:02  Marine  
  147  23:03  Marine x2  
  153  23:10  Marauder  
Tags
 
Add a new tag
Caveats
  • Supply blocks, unpowered buildings, or Contaminate may cause inaccurate times.
  • Supply counts are checked every 10 seconds.